 Dungeon Crawl Stone Soup version 0.24.1-11-gbbbb2193e6 (webtiles) character file.

Game seed: 13195245802130166124, levelgen mode: deterministic

23 Mrkan the Chucker (level 2, 0/29 HPs)
             Began as an Ogre Arcane Marksman on May 15, 2020.
             Succumbed to an adder's poison
             ... on level 2 of the Dungeon.
             The game lasted 00:01:56 (1492 turns).

Mrkan the Chucker (Ogre Arcane Marksman)            Turns: 1492, Time: 00:01:56

Health: 0/29       AC:  3    Str: 15 (18) XL:     2   Next: 95%
Magic:  3/3        EV:  9    Int: 11 (14) God:
Gold:   94         SH:  0    Dex:  6 (9)  Spells: 2/3 levels left

rFire    . . .     SeeInvis .   g - +0 club
rCold    . . .     Gourm    .   (no shield)
rNeg     . . .     Faith    .   a - +0 robe
rPois    .         Spirit   .   (helmet restricted)
rElec    .         Reflect  .   (no cloak)
rCorr    .         Harm     .   (gloves unavailable)
MR       .....                  (boots unavailable)
Stlth    +.........             (no amulet)
HPRegen  0.09/turn              (no ring)
MPRegen  0.08/turn              (no ring)

@: mighty, lethally poisoned (0 -> -2), very slightly contaminated, invisible
A: large, unfitting armour, tough skin 1
a: no special abilities


You were on level 2 of the Dungeon.
You were hungry.

You visited 1 branch of the dungeon, and saw 2 of its levels.

You collected 94 gold pieces.

Inventory:

Hand Weapons
 g - a +0 club (weapon)
Missiles
 c - 4 large rocks (quivered)
 d - 2 throwing nets
Armour
 a - a +0 robe (worn)
Scrolls
 b - a scroll of fear {unknown}
 h - a scroll of enchant armour {unknown}
 j - a scroll of random uselessness {unknown}
 l - a scroll of identify {unknown}
Potions
 e - a potion of might
Comestibles
 f - 4 rations
 m - 2 chunks of flesh


   Skills:
 + Level 2.3 Fighting
 * Level 3.0 Throwing
 - Level 1.7 Dodging
 - Level 1.2 Spellcasting
 - Level 2.6 Hexes


You had 2 spell levels left.
You knew the following spells:

 Your Spells              Type           Power        Failure   Level  Hunger
a - Corona                Hex            #......      11%         1    ##.....

Your spell library contained the following spells:

 Spells                   Type           Power        Failure   Level  Hunger
 Slow                     Hex            #.......     16%         2    ###....
 Inner Flame              Hex/Fire       #.......     50%         3    ####...
 Portal Projectile        Hex/Tloc       #.....       50%         3    ####...
 Cause Fear               Hex            #.........   71%         4    #####..
 Leda's Liquefaction      Hex/Erth       #.........   88%         4    #####..


Dungeon Overview and Level Annotations

Branches:
Dungeon (2/15)

Altars:


Innate Abilities, Weirdness & Mutations

You are too large for most types of armour.
You have tough skin. (AC +1)


Message History

* * * LOW HITPOINT WARNING * * *
You feel sick.
It was a potion of degeneration.
There was something very wrong with that liquid.
You feel weakened.
You feel dopey.
You feel clumsy.
It was a potion of invisibility.
You fade into invisibility!
* * * LOW HITPOINT WARNING * * *
You feel sick.
You are very lightly contaminated with residual magic.
There is a lethal amount of poison in your body!
There is a lethal amount of poison in your body!
There's nothing to open nearby.
There is a lethal amount of poison in your body!
There is a lethal amount of poison in your body!
* * * LOW HITPOINT WARNING * * *
You feel sick.
* * * LOW HITPOINT WARNING * * *
You feel sick.
You die...

#....# # ######....# .#
#.........# #.#.
#.........#.....
#.........#...##########
#.............#.........
.#....>........#.#######)
..........# #.#.# #...#.
........@.####.#.###.#.##
#..............#.....#.#
#.....####.....###.#<..#
#..... #.....# #.######
#.... #.....# #.......
#.... #.....# #.#####.
#... #.....###.# #. ....
...(##+#.....# ##
.....##.###.###


There were no monsters in sight!

Vanquished Creatures
  An adder (D:2)
  2 goblins
  A hobgoblin (D:1)
  5 bats (D:1)
  A frilled lizard (D:1)
  2 kobolds (D:1)
  2 rats (D:1)
14 creatures vanquished.

Notes
Turn   | Place    | Note
-------+----------+-------------------------------------------
     0 | D:1      | Mrkan the Ogre Arcane Marksman began the quest for the Orb.
     0 | D:1      | Reached XP level 1. HP: 19/19 MP: 2/2
   793 | D:1      | Reached XP level 2. HP: 23/28 MP: 3/3
  1471 | D:2      | Reached skill level 3 in Throwing
  1488 | D:2      | HP: 1/29 [poisoned by an adder]
  1492 | D:2      | Succumbed to an adder's poison

Levels and vault maps discovered:
D:1:      minmay_arrival_nine_rooms, layout_loops_ring, nrook_loot_triangle,
          minmay_split_cup_small
D:2:      layout_basic, first_ration

Skill      XL: |  1  2 |
---------------+-------+-----
Fighting       | 2 |  2.3
Throwing       | 3 |  3.0
Dodging        | |  1.7
Spellcasting   | |  1.2
Hexes          | |  2.6

Action                   || total
-------------------------++-------
Melee: Club              ||    63
       Unarmed           ||    15
Throw: Large rock        ||     2
  Use: Potion            ||     3
  Eat: Chunk             ||     1
Armor: Robe              ||    61
Dodge: Dodged            ||    64
